 Dungeon Crawl Stone Soup version 0.32-a0-468-g38b2580584 (webtiles) character file.

Game seed: 16301441346618454447

784 garrulousMonolith the Chopper (level 7, -2/51 (60) HPs)
             Began as a Mountain Dwarf Fighter on Feb 24, 2024.
             Was an Initiate of Beogh.
             Slain by Edmund
             ... wielding a +2 flail of draining
              (3 damage)
             ... on level 5 of the Dungeon.
             The game lasted 00:04:23 (3476 turns).

garrulousMonolith the Chopper (MDFi)                Turns: 3476, Time: 00:04:23

HP:   -2/51 (60)    AC:  8    Str: 25    XL:     7   Next: 55%
MP:   10/10         EV:  9    Int:  8    God:    Beogh [......]
Gold: 167           SH:  5    Dex: 11    Spells: 6/6 levels left

rFire   . . .        f - +2 whip (elec)
rCold   . . .        c - +0 buckler
rNeg    . . .        b - +0 scale mail
rPois   .            (no helmet)
rElec   .            w - +0 cloak
rCorr   .            (no gloves)
SInv    .            (no boots)
Will    .....        (no amulet) Stlth
                     u - +6 ring of strength
HPRegen 0.28/turn    (no ring)
MPRegen 0.12/turn

%: no passive effects
@: heavily drained
A: runic magic, artefact enchanting
a: Renounce Religion


You were on level 5 of the Dungeon.
You worshipped Beogh.
Beogh was noncommittal.
You visited 1 branch of the dungeon, and saw 5 of its levels.

You collected 167 gold pieces.

Inventory:

Hand Weapons
 a - a +0 war axe
 f - a +2 whip of electrocution (weapon)
 r - the +3 dagger of Compound Interest {drain, *Slow Will+ Int+3 Dex+3}
   (You found it on level 3 of the Dungeon)

   Int+3:     It affects your intelligence (+3).
   Dex+3:     It affects your dexterity (+3).
   Will+:     It increases your willpower.
   *Slow:     It may slow you when you take damage.
 t - a +1 flail of draining
Missiles
 v - 4 poisoned darts (quivered)
Armour
 b - a +0 scale mail (worn)
 c - a +0 buckler (worn)
 w - a +0 cloak (worn)
Magical Staves
 p - a staff of fire
Jewellery
 u - a +6 ring of strength (left hand)
Scrolls
 h - a scroll of summoning {unknown}
 i - a scroll of vulnerability {unknown}
 j - a scroll of teleportation {unknown}
 k - a scroll of enchant armour {unknown}
 o - a scroll of immolation {unknown}
Potions
 d - a potion of might
 e - a potion of mutation {unknown}
 g - 3 potions of cancellation
 l - a potion of curing {unknown}
 m - a potion of heal wounds
 n - a potion of lignification {unknown}
 q - 3 potions of haste
 s - a potion of ambrosia {unknown}


   Skills:
 + Level 4.9 Fighting
 * Level 6.4 Axes
 + Level 5.0 Armour
 + Level 4.9 Shields
 + Level 4.1 Invocations


You had 6 spell levels left.
You didn't know any spells.
Your spell library contained the following spells:

 Spells                   Type           Power      Damage    Failure   Level
 Apportation              Tloc           0%         N/A       54%         1
 Freeze                   Ice            0%         1d3       54%         1
 Kiss of Death            Conj/Necr      0%         2d5       54%         1
 Chain Lightning          Conj/Air       0%         N/A       100%        9
 Fire Storm               Conj/Fire      0%         5d1       100%        9
 Shatter                  Erth           0%         3d5*      100%        9


Dungeon Overview and Level Annotations

Branches:
Dungeon (5/15)
 Temple: D:4-7

Altars:

Shops:
D:5 (

Annotations:
D:5 Edmund


Innate Abilities, Weirdness & Mutations

Your spellcasting is much less encumbered by armour.
You can use scrolls of enchantment on lesser artefacts.


Message History

The hound is almost dead.
The hound bites you but does no damage.
You whack the hound!
You kill the hound!
Beogh accepts your kill.
You hit Edmund.
Edmund is heavily wounded.
Edmund hits you with a +2 flail of draining!
You feel drained.
You whack Edmund!
Edmund is severely wounded.
Edmund hits you with a +2 flail of draining!
* * * LOW HITPOINT WARNING * * *
You feel drained.
* * * LOW HITPOINT WARNING * * *
You hit Edmund but do no damage.
Edmund is severely wounded.
You feel much better.
Edmund zaps a wand.
The puff of flame hits you!
You hit Edmund but do no damage.
Edmund is severely wounded.
Edmund hits you with a +2 flail of draining.
You feel drained.
You hit Edmund but do no damage.
Edmund is severely wounded.
Edmund zaps a wand.
The puff of flame hits you!
You barely miss Edmund.
Edmund is severely wounded.
Edmund zaps a wand.
The puff of flame hits you!
* * * LOW HITPOINT WARNING * * *
You hit Edmund but do no damage.
Edmund is severely wounded.
Edmund hits you but does no damage.
You feel drained.
You whack Edmund!
Edmund is almost dead.
Edmund says, "A flail is better than a scythe, any day of the week!"
Edmund hits you with a +2 flail of draining!
* * * LOW HITPOINT WARNING * * *
You feel drained.
You die...
Edmund says, "I'd like to see a scythe do that!"

....... ....... .......
....... .......
.......##########
..?....#@.......#
.......@........#
.......#........#...#
.......#........#...+
.........#........+...#
.........#.....####..#
.........#.....####..## ##
.........+............#....
.........#.>..........#....


You could see Edmund.

Vanquished Creatures
  Pikel (D:5)
  2 scorpions (D:5)
  2 hounds
  Jessica (D:2)
  3 gnolls (D:5)
  4 adders
  2 ribbon worms (D:2)
  A dart slug (D:1)
  An orc (D:4)
  4 ball pythons
  7 endoplasms
  12 giant cockroaches
  9 hobgoblins
  A jackal (D:2)
  4 quokkas
  5 bats
  2 frilled lizards
  7 goblins
  8 kobolds
  3 rats
79 creatures vanquished.

Notes
Turn   | Place    | Note
-------+----------+-------------------------------------------
     0 | D:1      | garrulousMonolith the Mountain Dwarf Fighter began the
                  | quest for the Orb.
     0 | D:1      | Reached XP level 1. HP: 19/19 MP: 1/1
   179 | D:1      | Reached XP level 2. HP: 24/26 MP: 2/2
   273 | D:1      | Reached skill level 3 in Axes
   669 | D:1      | Found a faded altar of an unknown god.
   864 | D:2      | Reached skill level 1 in Invocations
   890 | D:2      | Noticed Jessica
   899 | D:2      | Killed Jessica
   900 | D:2      | Reached XP level 3. HP: 25/31 MP: 2/4
  1136 | D:2      | Reached XP level 4. HP: 33/40 MP: 5/5
  1511 | D:3      | Identified the +3 dagger of Compound Interest {drain, *Slow
                  | Will+ Int+3 Dex+3}
  1801 | D:3      | Reached skill level 4 in Axes
  2495 | D:4      | Became a worshipper of Beogh the Shepherd
  2699 | D:4      | Reached XP level 5. HP: 42/45 MP: 6/6
  2868 | D:4      | Got Itsiah's Preliminaries of Gnostic Power
  3112 | D:5      | Entered Level 5 of the Dungeon
  3124 | D:5      | Found Pabaf's Weapon Boutique.
  3124 | D:5      | Noticed a +0 rapier
  3124 | D:5      | Noticed a +0 bardiche
  3256 | D:5      | Reached XP level 6. HP: 35/52 MP: 8/8
  3333 | D:5      | Reached skill level 5 in Axes
  3336 | D:5      | Noticed Pikel
  3348 | D:5      | Killed Pikel
  3349 | D:5      | Reached skill level 6 in Axes
  3349 | D:5      | Reached skill level 5 in Armour
  3349 | D:5      | Reached XP level 7. HP: 60/60 MP: 8/10
  3449 | D:5      | Noticed Edmund
  3476 | D:5      | HP: 1/52 [Edmund/+2 flail of draining (8)]
  3476 | D:5      | Slain by Edmund

Illustrated notes

Levels and vault maps discovered:
D:1:      elethiomel_arrival_quiet, layout_basic,
          dreamdust_ecumenical_altar_hidden_monk_grotto,
          minmay_indecisive_spiral
D:2:      minmay_angry_zag, layout_rooms, uniq_jessica
D:3:      minmay_roachtagon, layout_basic
D:4:      layout_basic
D:5:      layout_gridville, serial_shops, nicolae_shop_mannequins, uniq_edmund,
          uniq_eustachio, uniq_grinder, uniq_blork_the_orc, uniq_pikel,
          uniq_crazy_yiuf_cottage

Skill      XL: |  1  2  3  4  5  6 |
---------------+-------------------+-----
Axes           | 3 4 6 |  6.4
Invocations    | 1 2 4 |  4.1
Armour         | 4 5 |  5.0
Shields        | 4 |  4.9
Fighting       | 4 |  4.9

Action                     |  1- 3 |  4- 6 |  7- 9 || total
---------------------------+-------+-------+-------++-------
  Melee: War axe           |    86 |   130 |     2 ||   218
         Whip              |       |       |    22 ||    22
  Throw: Dart              |       |     1 |     3 ||     4
 Invoke: Convert to Beogh  |       |     1 |       ||     1
    Use: Scroll            |       |     5 |       ||     5
         Potion            |       |     1 |     1 ||     2
 Armour: Scale mail        |    61 |    89 |    22 ||   172
  Dodge: Dodged            |    42 |    67 |     6 ||   115
  Block: Buckler           |    19 |    29 |     3 ||    51

Table legend: (Time is in decaauts)
 A = Elapsed time spent in this place.
 B = Non-inter-level travel time spent in this place.
 C = Inter-level travel time spent in this place.
 D = Time resting spent in this place.
 E = Time spent auto-exploring this place.
 F = Levels seen in this place.
 G = Mean time per level.
                   A        B        C        D        E       F      G
               +--------+--------+--------+--------+--------+-----+--------+
         Total |   3550 |   3449 |    101 |    297 |   2470 |   5 |  710.0 |
       Dungeon |   3550 |   3449 |    101 |    297 |   2470 |   5 |  710.0 |
               +--------+--------+--------+--------+--------+-----+--------+

Top non-repeatable levels by time:
     D:3: 959 daAuts
     D:1: 866 daAuts
     D:4: 713 daAuts
     D:2: 642 daAuts
     D:5: 368 daAuts
